 Dungeon Crawl Stone Soup version 0.28.0-53-g5a82cb258f (webtiles) character file.

Game seed: 508433275162934109

457 MisterFreud the Covert (level 7, -6/59 HPs)
             Began as a Gnoll Delver on June 29, 2022.
             Was an Initiate of Yredelemnul.
             Mangled by an ogre
             ... wielding a +0 giant club
              (24 damage)
             ... on level 4 of the Dungeon.
             The game lasted 00:03:16 (2162 turns).

MisterFreud the Covert (Gnoll Delver)               Turns: 2162, Time: 00:03:16

Health: -6/59      AC:  3    Str: 11    XL:     7   Next: 6%
Magic:  10/10      EV: 13    Int: 11    God:    Yredelemnul [......]
Gold:   48         SH:  0    Dex: 14    Spells: 10/10 levels left

rFire   . . .      SeeInvis .   a - +0 short sword
rCold   . . .      Faith    .   (no shield)
rNeg    . . .      Spirit   .   b - +0 leather armour
rPois   .          Reflect  .   (no helmet)
rElec   .          Harm     .   (no cloak)
rCorr   .          Rampage  .   (no gloves)
Will    .....                   (no boots)
Stlth   ++++......              (no amulet)
HPRegen 0.19/turn               (no ring)
MPRegen 0.12/turn               (no ring)

@: no status effects
A: fangs 1, strong nose, distributed training
a: Renounce Religion, Recall Undead Harvest


You were on level 4 of the Dungeon.
You worshipped Yredelemnul.
Yredelemnul was noncommittal.
You visited 2 branches of the dungeon, and saw 5 of its levels.

You collected 48 gold pieces.

Inventory:

Hand Weapons
 a - a +0 short sword (weapon)
Missiles
 i - 3 poisoned darts (quivered)
Armour
 b - a +0 leather armour (worn)
Wands
 g - a wand of digging (3)
Scrolls
 c - a scroll of fog
 d - a scroll of magic mapping
 h - a scroll of identify {unknown}
Potions
 f - a potion of haste
 j - 2 potions of curing {unknown}
 k - a potion of heal wounds {unknown}


   Skills:
 + Level 6.9 Fighting
 + Level 5.1 Short Blades
 + Level 2.2 Long Blades
 + Level 2.2 Axes
 + Level 2.2 Maces & Flails
 + Level 2.2 Polearms
 + Level 2.2 Staves
 + Level 2.2 Slings
 + Level 2.2 Bows
 + Level 2.2 Crossbows
 + Level 2.2 Throwing
 + Level 2.2 Armour
 + Level 5.1 Dodging
 + Level 9.8 Stealth
 + Level 2.2 Shields
 + Level 2.2 Unarmed Combat
 + Level 2.2 Spellcasting
 + Level 1.8 Conjurations
 + Level 1.8 Hexes
 + Level 1.8 Summonings
 + Level 1.8 Necromancy
 + Level 1.8 Translocations
 + Level 1.8 Transmutations
 + Level 1.8 Fire Magic
 + Level 1.8 Ice Magic
 + Level 1.8 Air Magic
 + Level 1.8 Earth Magic
 + Level 1.8 Poison Magic
 + Level 2.5 Invocations
 + Level 2.2 Evocations


You had 10 spell levels left.
You didn't know any spells.
Your spell library contained the following spells:

 Spells                   Type           Power      Damage    Failure   Level
 Inner Flame              Hex/Fire       5%         N/A       47%         3
 Cause Fear               Hex            2%         N/A       87%         4
 Discord                  Hex            2%         N/A       100%        8


Dungeon Overview and Level Annotations

Branches:
Dungeon (6/15)             Temple (1/1) D:4

Altars:
Elyvilon
Fedhas
Okawaru
Ru
Uskayaw
Vehumet
Yredelemnul
Zin
The Shining One

Annotations:
D:3 Terence


Innate Abilities, Weirdness & Mutations

You have very sharp teeth.
Your uncanny sense of smell can sniff out nearby items.
Your experience applies equally to all skills.


Message History

You kneel at the altar of Ru.
Unknown command.
Press < or > to pray at altars.
There is a basalt altar of Yredelemnul here.
You kneel at the altar of Yredelemnul.
Yredelemnul welcomes you!
You can now reap souls.
You can now recall your undead harvest.
There is a hide-covered altar of Uskayaw here.
There is an open gate here.
There is a staircase back to the Dungeon here.
You climb upwards.
The ogre closely misses you.
There is a staircase to the Ecumenical Temple here.
You hit the ogre but do no damage. You hit the ogre. You bite the ogre.
The ogre is lightly wounded.
The ogre barely misses you.
You hit the ogre.
The ogre is lightly wounded.
The ogre hits you with a +0 giant club!
You hit the ogre. Your bite misses the ogre.
The ogre is moderately wounded.
You hit the ogre.
The ogre is heavily wounded.
The ogre closely misses you.
You hit the ogre.
The ogre is heavily wounded.
The ogre misses you.
You barely miss the ogre. You bite the ogre, but do no damage.
The ogre is heavily wounded.
You hit the ogre but do no damage.
The ogre is heavily wounded.
The ogre hits you with a +0 giant club!!
Ouch! That really hurt!
The adder skeleton bites you.
* * * LOW HITPOINT WARNING * * *
The adder skeleton misses you. The adder skeleton misses you.
The ogre hits you with a +0 giant club!!
You die...
Your body rises from the dead as a mindless zombie.

####.............#
#.#....... ##.#.>..(.....#
#.#....... #.#..........#
#.#....... #.##.........#
#O#....... #.
#.........### #.#.......
#...........#####.#.......
#.........#.......#.......
#.....(ZO.#########....#..
#'######.@......# #.##.#<#
... ########.# #.##.#.#
.... #.##.#.# ... #.##.#.#
#.........# #.##...#
#.......Z. #.######
#........ ∆ #.......
....... ######## ..g..


You could see an ogre and an adder skeleton.

Vanquished Creatures
  A phantom (D:5)
  2 scorpions (D:5)
  2 bullfrog zombies (D:5)
  A howler monkey (D:5)
  A centaur zombie (D:5)
  A hound (D:5)
  A jelly (D:3)
  A hound skeleton (D:5)
  3 adders
  A white imp (D:5)
  An ufetubus (D:5)
  A worm (D:5)
  An orc (D:5)
  2 ball pythons
  2 hobgoblins (D:4)
  2 kobolds
  A goblin (D:3)
24 creatures vanquished.

Notes
Turn   | Place    | Note
-------+----------+-------------------------------------------
     0 | D:5      | Reached skill level 9 in Stealth
     0 | D:5      | MisterFreud the Gnoll Delver began the quest for the Orb.
     0 | D:5      | Reached XP level 1. HP: 23/23 MP: 1/1
    50 | D:5      | Reached XP level 2. HP: 29/29 MP: 2/2
   133 | D:4      | You fall into a shaft and drop 2 floors!
   288 | D:3      | Reached skill level 1 in Invocations
   288 | D:3      | Reached XP level 3. HP: 27/35 MP: 2/4
   359 | D:3      | Noticed Terence
   454 | D:4      | Noticed an ogre
   554 | D:5      | Reached skill level 1 in Long Blades
   554 | D:5      | Reached skill level 1 in Axes
   554 | D:5      | Reached skill level 1 in Maces & Flails
   554 | D:5      | Reached skill level 1 in Polearms
   554 | D:5      | Reached skill level 1 in Staves
   554 | D:5      | Reached skill level 1 in Slings
   554 | D:5      | Reached skill level 1 in Bows
   554 | D:5      | Reached skill level 1 in Crossbows
   554 | D:5      | Reached skill level 1 in Throwing
   554 | D:5      | Reached skill level 1 in Armour
   554 | D:5      | Reached skill level 1 in Shields
   554 | D:5      | Reached skill level 1 in Unarmed Combat
   554 | D:5      | Reached skill level 1 in Spellcasting
   554 | D:5      | Reached skill level 1 in Evocations
   568 | D:4      | Noticed a yak
   568 | D:4      | Noticed a yak
   568 | D:4      | Noticed a yak
   631 | D:5      | Reached XP level 4. HP: 36/41 MP: 5/5
   712 | D:5      | Reached skill level 1 in Conjurations
   712 | D:5      | Reached skill level 1 in Hexes
   712 | D:5      | Reached skill level 1 in Summonings
   712 | D:5      | Reached skill level 1 in Necromancy
   712 | D:5      | Reached skill level 1 in Translocations
   712 | D:5      | Reached skill level 1 in Transmutations
   712 | D:5      | Reached skill level 1 in Fire Magic
   712 | D:5      | Reached skill level 1 in Ice Magic
   712 | D:5      | Reached skill level 1 in Air Magic
   712 | D:5      | Reached skill level 1 in Earth Magic
   712 | D:5      | Reached skill level 1 in Poison Magic
   712 | D:5      | Reached XP level 5. HP: 39/47 MP: 6/6
  1119 | D:5      | Reached XP level 6. HP: 24/53 MP: 8/8
  1380 | D:5      | Reached skill level 5 in Short Blades
  1380 | D:5      | Reached skill level 5 in Dodging
  1599 | D:5      | Reached XP level 7. HP: 59/59 MP: 10/10
  1926 | D:4      | Found a staircase to the Ecumenical Temple.
  1936 | Temple   | Entered the Ecumenical Temple
  2115 | Temple   | Became a worshipper of Yredelemnul the Dark
  2162 | D:4      | Mangled by an ogre

Illustrated notes

Levels and vault maps discovered:
D:3:      layout_loops_corners, minmay_misc_feat_secret_circle, uniq_terence,
          uniq_natasha
D:4:      layout_basic, cheibriados_altar_1, grunt_temple_overflow_open,
          minmay_temple_entry_drinking_statues, skrybe_limestone_x,
          uniq_crazy_yiuf_cottage
D:5:      layout_basic, trog_wizard, st_stairs_3, minmay_stone_trees_medium,
          kennysheep_generic_room_10
D:6:      layout_basic, nicolae_qazlal_general_emergency,
          grunt_gozag_breadcrumbs
Temple:   jpeg_temple_island

Skill      XL: |  1  2  3  4  5  6 |
---------------+-------------------+-----
Stealth        | |  9.8
Invocations    | 1 2 |  2.5
Long Blades    | 1 2 |  2.2
Axes           | 1 2 |  2.2
Maces & Flails | 1 2 |  2.2
Polearms       | 1 2 |  2.2
Staves         | 1 2 |  2.2
Slings         | 1 2 |  2.2
Bows           | 1 2 |  2.2
Crossbows      | 1 2 |  2.2
Throwing       | 1 2 |  2.2
Armour         | 1 2 |  2.2
Shields        | 1 2 |  2.2
Unarmed Combat | 1 2 |  2.2
Spellcasting   | 1 2 |  2.2
Evocations     | 1 2 |  2.2
Conjurations   | 1 |  1.8
Hexes          | 1 |  1.8
Summonings     | 1 |  1.8
Necromancy     | 1 |  1.8
Translocations | 1 |  1.8
Transmutations | 1 |  1.8
Fire Magic     | 1 |  1.8
Ice Magic      | 1 |  1.8
Air Magic      | 1 |  1.8
Earth Magic    | 1 |  1.8
Poison Magic   | 1 |  1.8
Short Blades   | 5 |  5.1
Dodging        | 5 |  5.1
Fighting       | |  6.9

Action                   |  1- 3 |  4- 6 |  7- 9 || total
-------------------------+-------+-------+-------++-------
Melee: Short sword       |    34 |    59 |    40 ||   133
       Bite              |     3 |     9 |     8 ||    20
       Punch             |       |     1 |       ||     1
  Use: Scroll            |       |       |     1 ||     1
 Stab: Sleeping          |     4 |     5 |       ||     9
       Distracted        |       |     1 |       ||     1
Armor: Leather armour    |     6 |    10 |     9 ||    25
Dodge: Dodged            |    20 |    34 |    29 ||    83
